cohdb
Replays
Latest Replays
All Replays
Popular Replays
Top Player Replays
Match Explorer
How It Works
Community
CoH3 Stats
Reddit
Sign in to upload your games and track your stats! →
Sign in with Steam
Match 45452534
Unlisted
Match 45452534
Overview
Messages
Build Orders
End
Pioneer Squad
Construct Infanterie Kompanie
Grenadier Squad
Grenadier Squad
Grenadier Squad
MG 42 Machine Gun Team
Construct Luftwaffe Kompanie
221 Scout Car
Jäger Squad
Selects Breakthrough Battlegroup
Selects Assault Grenadiers
Selects Breakthrough
Selects Mechanized Assault Group
Support Elements
Wirbelwind Flakpanzer
Medical Bunker
Jäger Squad
Marder III M Tank Destroyer
Selects Rapid Production
Selects Blitzkrieg
Wirbelwind Flakpanzer
Wirbelwind Flakpanzer
Side Skirts
Selects Tiger Heavy Tank
Tiger Heavy Tank
Jarl
KevinTDW
0
0
Comments
sign in to comment!
No comments posted yet!